 Dungeon Crawl Stone Soup version 0.17-a0-2220-g6fea741 (webtiles) character file.

165 radek the Conjurer (level 5, 0/28 HPs)
             Began as a Deep Elf Conjurer on Oct 28, 2015.
             Succumbed to an adder's poison
             ... on level 3 of the Dungeon.
             The game lasted 00:06:00 (1656 turns).

radek the Conjurer (Deep Elf Conjurer)              Turns: 1656, Time: 00:06:01

Health: 0/28       AC:  2    Str: 11    XL:     5   Next: 21%
Magic:  2/11       EV: 13    Int: 20    God:
Gold:   51         SH:  0    Dex: 15    Spells: 2 memorised, 4 levels left

rFire  . . .     SeeInvis .     f - +1 hand axe (flame)
rCold  . . .     Clarity  .     a - +0 robe
rNeg   . . .     SustAt   .     (no shield)
rPois  .         Gourm    .     (no helmet)
rElec  .         Spirit   .     (no cloak)
rCorr  .         Warding  .     (no gloves)
rMut   .         Stasis   .     (no boots)
MR     .....                    (no amulet)
Stlth  ++........               (no ring)
                                (no ring)

@: mighty, lethally poisoned (0 -> -8), very slightly contaminated, hasted, very
quick, not resistant to hostile enchantments, unstealthy
A: no striking features
a: no special abilities


You were on level 3 of the Dungeon.
You were not hungry.

You visited 1 branch of the dungeon, and saw 3 of its levels.

You collected 51 gold pieces.

Inventory:

Hand Weapons
 e - a +1 dagger of venom
 f - a +1 hand axe of flaming (weapon)
 n - a +1 hand axe of chopping
Armour
 a - a +0 robe (worn)
Wands
 l - a wand of lightning (11)
Scrolls
 g - 2 scrolls of identify {unknown}
 h - a scroll of immolation {unknown}
 i - a scroll of enchant weapon {unknown}
 j - a scroll of fog {unknown}
 k - a scroll of remove curse {unknown}
Books
 b - a book of Conjurations

   Spells                             Type                      Level
   a - Magic Dart                     Conjuration                  1
   b - Searing Ray                    Conjuration                  2
   c - Dazzling Spray                 Conjuration/Hexes            3
   d - Fulminant Prism                Conjuration/Hexes            4
   e - Iskenderun's Mystic Blast      Conjuration                  4
   f - Iskenderun's Battlesphere      Conjuration/Charms           5
Comestibles
 c - 2 bread rations
 o - a meat ration
 p - 2 chunks of flesh


   Skills:
 - Level 2.4 Dodging
 - Level 2.4 Stealth
 - Level 3.0 Spellcasting
 - Level 7.0 Conjurations
 + Level 1.7 Charms


You had 4 spell levels left.
You knew the following spells:

 Your Spells              Type           Power        Failure   Level  Hunger
a - Magic Dart            Conj           ####         1%          1    None
b - Iskenderun's Battles  Conj/Chrm      ###.....     71%         5    ######.


Dungeon Overview and Level Annotations

Branches:
Dungeon (3/15)

Altars:

Annotations:
D:3 Terence


Message History

Drink which item? (? for menu, Esc to quit)
It was a potion of might.
You feel very mighty all of a sudden.
* * * LOW HITPOINT WARNING * * *
You feel sick.
* * * LOW HITPOINT WARNING * * *
You feel sick.
Things that are here:
an adder corpse; a jackal corpse Terence shouts!
Found a stone staircase leading down.
* * * LOW HITPOINT WARNING * * *
You feel sick.
* * * LOW HITPOINT WARNING * * *
You feel sick.
* * * LOW HITPOINT WARNING * * *
You feel sick.
* * * LOW HITPOINT WARNING * * *
You feel sick.
You die...

.....
#.........†.#
#.@..
##..#.....#.#
..#...).#.#
..###†###.#
#.........#
#######.#.#.#
............#
######.#####
#@# #.# #.#
#.# #.# # #.#
# #.# # #.# #
#.


There were no monsters in sight!

Vanquished Creatures
  An orc priest (D:3)
  A hound (D:3)
  6 adders
  An ooze (D:1)
  3 giant geckos (D:1)
  5 orcs
  A ball python (D:2)
  2 giant cockroaches
  6 hobgoblins
  4 jackals (D:3)
  2 quokkas (D:3)
  3 bats (D:1)
  A giant newt (D:3)
  5 goblins
  2 kobolds (D:1)
  5 rats
48 creatures vanquished.

Vanquished Creatures (others)
  4 toadstools (D:1)
4 creatures vanquished.

Grand Total: 52 creatures vanquished

Notes
Turn   | Place    | Note
--------------------------------------------------------------
     0 | D:1      | radek the Deep Elf Conjurer began the quest for the Orb.
     0 | D:1      | Reached XP level 1. HP: 10/10 MP: 6/6
    74 | D:1      | Reached XP level 2. HP: 15/15 MP: 0/8
   143 | D:1      | Reached skill level 5 in Conjurations
   708 | D:2      | Reached XP level 3. HP: 17/19 MP: 0/9
   829 | D:3      | Reached skill level 6 in Conjurations
   870 | D:3      | Reached XP level 4. HP: 2/24 MP: 0/10
  1461 | D:3      | Reached skill level 7 in Conjurations
  1461 | D:3      | Reached XP level 5. HP: 28/28 MP: 5/11
  1513 | D:3      | Learned a level 5 spell: Iskenderun's Battlesphere
  1582 | D:3      | Noticed Terence
  1628 | D:3      | Reached skill level 1 in Charms
  1654 | D:3      | HP: 1/28 [poisoned by an adder]
  1656 | D:3      | Succumbed to an adder's poison

Vault maps used:
D:1:      ldierk_water_garden
D:2:      guppyfry_early_orc_mine
D:3:      st_stairs_3, uniq_terence

Action                   |  1- 3 |  4- 6 || total
-------------------------+-------+-------++-------
Melee: Hand axe          |     7 |     8 ||    15
 Cast: Magic Dart        |    64 |    41 ||   105
  Use: Potion            |       |     2 ||     2
  Eat: Chunk             |       |     2 ||     2
